 Dungeon Crawl Stone Soup version 0.29-a0-512-gf59ac788ac (webtiles) character file.

Game seed: 11113887374141473592

44 Mikaeshin the Cudgeller (level 3, -4/33 HPs)
             Began as a Minotaur Berserker on May 30, 2022.
             Was a Follower of Trog.
             Slain by a gnoll
             ... wielding a +0 spear
              (6 damage)
             ... on level 2 of the Dungeon.
             The game lasted 00:02:12 (1228 turns).

Mikaeshin the Cudgeller (Minotaur Berserker)        Turns: 1228, Time: 00:02:13

Health: -4/33      AC:  2    Str: 27    XL:     3   Next: 39%
Magic:  2/2        EV: 12    Int:  4    God:    Trog [*.....]
Gold:   74         SH:  0    Dex: 11    Spells: 2/2 levels left

rFire   . . .      SeeInvis .   a - +0 mace
rCold   . . .      Faith    .   (no shield)
rNeg    . . .      Spirit   .   b - +0 animal skin
rPois   .          Reflect  .   (helmet restricted)
rElec   .          Harm     .   (no cloak)
rCorr   .          Rampage  .   (no gloves)
Will    .....                   (no boots)
Stlth   +.........              (no amulet)
HPRegen 0.11/turn               c - +6 ring of strength
MPRegen 0.08/turn               (no ring)

@: no status effects
A: horns 2, retaliatory headbutt
a: Renounce Religion, Berserk


You were on level 2 of the Dungeon.
You worshipped Trog.
Trog was aware of your devotion.
You visited 1 branch of the dungeon, and saw 2 of its levels.

You collected 74 gold pieces.

Inventory:

Hand Weapons
 a - a +0 mace (weapon)
Armour
 b - a +0 animal skin (worn)
Jewellery
 c - a +6 ring of strength (left hand)
Scrolls
 d - a scroll of silence {unknown}
 e - a scroll of brand weapon {unknown}
 h - a scroll of summoning
Potions
 f - 2 potions of lignification


   Skills:
 + Level 4.1 Fighting
 * Level 4.6 Maces & Flails
 + Level 3.1 Armour
 - Level 2.1 Dodging


You had 2 spell levels left.
You didn't know any spells.
Your spell library was empty.

Dungeon Overview and Level Annotations

Branches:
Dungeon (2/15)

Altars:
Xom


Innate Abilities, Weirdness & Mutations

You have a pair of horns on your head.
You reflexively headbutt those who attack you in melee.


Message History

Found a shimmering altar of Xom.
A gnoll comes into view. It is wielding a +0 club.
A gnoll is nearby!
A gnoll is nearby!
The gnoll shouts! 2 gnolls come into view.
A gnoll is wielding a +0 spear and quivering poisoned darts.
The gnoll shouts!
The gnoll shouts!
The gnoll misses you. You furiously retaliate!
You headbutt the gnoll.
The gnoll drinks a potion.
The gnoll seems to speed up.
You hit the gnoll but do no damage.
The gnoll is moderately wounded.
The gnoll hits you with a +0 club!
You hit the gnoll. You headbutt the gnoll.
The gnoll is severely wounded.
The gnoll barely misses you. The gnoll barely misses you.
You furiously retaliate!
You headbutt the gnoll, but do no damage.
The gnoll throws a poisoned dart.
The poisoned dart closely misses you.
You see here an adder corpse.
The gnoll attacks as you move away! The gnoll closely misses you.
The gnoll attacks as you move away! The gnoll hits you with a +0 club.
The gnoll attacks as you move away! The gnoll closely misses you.
You furiously retaliate!
You headbutt the gnoll.
The gnoll throws a poisoned dart.
The poisoned dart barely misses you.
You fail to use your ability.
The gnoll barely misses you.
The gnoll hits you from afar with a +0 spear!
You closely miss the gnoll. Your headbutt misses the gnoll.
The gnoll is almost dead.
The gnoll hits you from afar with a +0 spear!
* * * LOW HITPOINT WARNING * * *
The gnoll hits you with a +0 club.
* * * LOW HITPOINT WARNING * * *
You barely miss the gnoll. You headbutt the gnoll.
You kill the gnoll!
Trog accepts your kill. The gnoll closely misses you.
The gnoll hits you from afar with a +0 spear.
You die...

.# #.#.# .#............ .#
#.#.# .............# .# #.#.#
.##.##.......#
.####.#.##.##.##..._...#
.......)...##.##.......#
#####..#..###.###......#
#.###.....# ######.##
####..#..##..#######...#
........###....@)gg#...######
######### #.######..†........
#.# #...)....... #.#
#.......#### #.# ###...###
..# #...# #.# ##.## ## #.#
#.#


You could see 2 gnolls.

Vanquished Creatures
  2 gnolls (D:2)
  An adder (D:2)
  A worm (D:2)
  A bat (D:1)
  2 endoplasms (D:1)
  A giant cockroach (D:2)
  3 goblins (D:1)
  3 hobgoblins (D:1)
  3 frilled lizards
  5 kobolds (D:1)
  A rat (D:1)
23 creatures vanquished.

Notes
Turn   | Place    | Note
-------+----------+-------------------------------------------
     0 | D:1      | Mikaeshin the Minotaur Berserker began the quest for the
                  | Orb.
     0 | D:1      | Reached XP level 1. HP: 19/19 MP: 0/0
   157 | D:1      | Reached XP level 2. HP: 25/27 MP: 1/1
   599 | D:1      | Found a faded altar of an unknown god.
  1090 | D:2      | Reached XP level 3. HP: 22/33 MP: 2/2
  1209 | D:2      | Found a shimmering altar of Xom.
  1228 | D:2      | Slain by a gnoll

Illustrated notes

Levels and vault maps discovered:
D:1:      dpeg_arrival_ternary, layout_loops_cross,
          shapermc_ecumenical_altar_hornbeckon
D:2:      layout_loops_ring, basic_altar

Skill      XL: |  1  2 |
---------------+-------+-----
Maces & Flails | 4 |  4.6
Fighting       | 4 |  4.1
Armour         | 3 |  3.1
Dodging        | |  2.1

Action                   || total
-------------------------++-------
Melee: Mace              ||    45
       Headbutt          ||     8
  Use: Scroll            ||     2
Armor: Animal skin       ||     4
Dodge: Dodged            ||    33

Table legend: (Time is in decaauts)
 A = Elapsed time spent in this place.
 B = Non-inter-level travel time spent in this place.
 C = Inter-level travel time spent in this place.
 D = Time resting spent in this place.
 E = Time spent auto-exploring this place.
 F = Levels seen in this place.
 G = Mean time per level.
                   A        B        C        D        E       F      G
               +--------+--------+--------+--------+--------+-----+--------+
         Total |   1240 |   1224 |     16 |    319 |    763 |   2 |  620.0 |
       Dungeon |   1240 |   1224 |     16 |    319 |    763 |   2 |  620.0 |
               +--------+--------+--------+--------+--------+-----+--------+

Top non-repeatable levels by time:
     D:1: 926 daAuts
     D:2: 314 daAuts
